Map: Frozen Temple

Players

SortOf - Winner!

  • Race: Zerg Zerg
  • League: Master

YogorōMōri (YoGo)

  • Race: Zerg Zerg
  • League: Master

VOD

Have the link to the VOD?

Description

Time

  • Played on: Oct. 26, 2016, 3:38 a.m.
  • Length: 6:12
Show
View Real Time Build Order
Export as new Build Order

SortOf Zerg - Winner!

Build Orders: Pool First 

Get SALT Encoding   

  12  0:00  Drone  
  13  0:13  Overlord  
  13  0:18  Drone  
  14  0:32  Drone x2  
  16  0:42  Spawning Pool  
  15  0:44  Drone  
  16  0:50  Drone  
  17  1:10  Unknown, Hatchery  
  16  1:11  Drone  
  17  1:25  Extractor  
  17  1:28  Zergling x2  
  17  1:29  Zergling x4  
  17  1:32  Queen  
  21  1:40  Overlord  
  21  1:51  Drone  
  22  2:01  Drone  
  22  2:07  Queen  
  25  2:13  Drone  
  26  2:21  Unknown  
  26  2:22  Drone  
  27  2:26  Drone  
  28  2:32  Drone  
  30  2:37  Drone  
  30  2:42  Drone x3  
  32  2:45  Drone  
  32  2:47  Queen  
  35  2:53  Drone  
  35  2:56  Evolution Chamber  
  35  2:58  Overlord  
  34  2:59  Overlord  
  34  3:05  Drone  
  35  3:11  Roach Warren  
  34  3:17  Drone x4  
  34  3:18  Drone  
  39  3:23  Lair  
  38  3:29  Spine Crawler  
  38  3:31  Drone x2  
  39  3:39  Evolution Chamber  
  38  3:41  Zerg Missile Weapons Level 1  
  38  3:43  Drone x2  
  40  3:49  Overlord  
  40  3:51  Roach  
  40  3:53  Roach  
  40  3:55  Drone  
  45  3:59  Roach  
  45  4:01  Drone x2  
  50  4:03  Extractor  
  50  4:04  Extractor  
  50  4:08  Roach  
  50  4:09  Drone  
  51  4:16  Drone  
  52  4:18  Drone  
  52  4:20  Drone x2  
  52  4:21  Drone  
  56  4:30  Overlord  
  56  4:31  Glial Reconstitution  
  56  4:34  Roach  
  58  4:45  Overseer  
  58  4:46  Unknown, Hatchery  
  58  4:50  Drone x2  
  58  4:51  Extractor, Drone x2  
  60  5:01  Queen  
  60  5:02  Overlord  
  60  5:04  Roach x2  
  60  5:07  Overlord  
  66  5:11  Overlord  
  66  5:14  Overlord  
  66  5:24  Roach  
  66  5:25  Roach x3  
  74  5:32  Roach x4  
  74  5:33  Roach  
  84  5:38  Spire  
  83  5:50  Roach x5  
  83  5:56  Drone x2  
  95  5:58  Unknown  
  95  6:00  Drone x2  
Show
View Real Time Build Order
Export as new Build Order

YogorōMōri Zerg 

Build Orders: Hatch First 

Get SALT Encoding   

  12  0:01  Drone  
  13  0:15  Overlord  
  13  0:19  Drone  
  14  0:34  Drone x2  
  16  0:50  Unknown, Hatchery  
  16  0:52  Drone  
  16  0:55  Extractor  
  15  0:57  Drone  
  16  1:13  Spawning Pool  
  16  1:15  Drone  
  16  1:19  Drone  
  16  1:23  Drone  
  18  1:31  Drone  
  19  1:41  Drone  
  20  2:00  Metabolic Boost, Queen  
  22  2:01  Queen, Unknown  
  22  2:03  Drone  
  22  2:06  Drone  
  26  2:09  Drone  
  26  2:12  Drone  
  28  2:18  Overlord  
  28  2:30  Baneling Nest  
  28  2:31  Overlord  
  25  2:40  Zergling x2  
  24  2:45  Zergling x2  
  24  2:48  Zergling x2  
  26  2:54  Zergling x4  
  28  2:58  Zergling x2  
  28  3:01  Zergling x2  
  30  3:10  Zergling x4  
  32  3:17  Zergling x2  
  33  3:20  Zergling x2  
  34  3:30  Baneling  
  34  3:31  Baneling x4  
  34  3:32  Zergling x2  
  34  3:33  Zergling x2  
  36  3:38  Drone x2  
  37  3:41  Drone  
  37  3:46  Drone  
  39  3:50  Drone x2  
  36  3:56  Drone x2  
  38  4:08  Drone x5  
  43  4:15  Lair  
  43  4:18  Drone  
  43  4:22  Overlord  
  44  4:30  Roach Warren  
  43  4:37  Evolution Chamber, Drone  
  43  4:43  Drone x3  
  43  4:44  Drone x2  
  47  4:46  Extractor  
  47  4:49  Drone  
  47  4:50  Drone  
  47  4:52  Drone x2  
  50  4:54  Drone  
  50  4:58  Overlord  
  51  5:01  Extractor  
  51  5:05  Unknown  
  50  5:08  Overlord  
  50  5:17  Roach  
  50  5:18  Roach x3  
  58  5:26  Roach  
  58  5:28  Roach, Overlord  
  62  5:29  Overlord  
  62  5:32  Roach  
  63  5:49  Roach  
  64  5:51  Roach  
  68  5:58  Unknown, Hatchery  
Tags
 
Add a new tag
Caveats
  • Supply blocks, unpowered buildings, or Contaminate may cause inaccurate times.
  • Supply counts are checked every 10 seconds.